 Dungeon Crawl Stone Soup version 0.21.1-1-g345015f (webtiles) character file.

9164 troglodite the Fighter (level 11, -6/129 HPs)
             Began as a Demonspawn Berserker on Mar 13, 2018.
             Was a High Priest of Trog.
             Mangled by Gastronok (11 damage)
             ... while paralysed
             ... on level 10 of the Dungeon.
             The game lasted 00:24:18 (8493 turns).

troglodite the Fighter (Demonspawn Berserker)       Turns: 8493, Time: 00:24:18

Health: -6/129     AC: 19    Str: 28    XL:     11   Next: 19%
Magic:  11/11      EV:  2    Int:  8    God:    Trog [*****.]
Gold:   501        SH:  0    Dex: 19    Spells: 10/10 levels left

rFire    . . .     SeeInvis .   i - +9 trident of Uhudwe {vamp, *Noise +Fly Str+4}
rCold    + . .     Gourm    .   (no shield)
rNeg     . . .     Faith    .   p - +3 chain mail {rC+}
rPois    .         Spirit   .   e - +2 helmet
rElec    .         Reflect  +   C - +1 cloak {MR+}
rCorr    .         Harm     .   (gloves unavailable)
MR       +....                  (no boots)
Stlth    ..........             h - +4 amulet of reflection
HPRegen  0.31/turn              (no ring)
MPRegen  0.12/turn              (no ring)

@: paralysed, berserking (expiring), fainting
A: claws 3, thin skeletal structure 2, nightstalker 1, spiny 2
a: Berserk, Trog's Hand, Brothers in Arms, Burn Spellbooks, Renounce Religion,
Evoke Flight


You were on level 10 of the Dungeon.
You worshipped Trog.
Trog was extremely pleased with you.
You were fainting.

You visited 1 branch of the dungeon, and saw 10 of its levels.

You collected 501 gold pieces.

Inventory:

Hand Weapons
 a - a +0 falchion
 i - the +9 trident of Uhudwe (weapon) {vamp, *Noise +Fly Str+4}
   (You found it on level 5 of the Dungeon)

   It inflicts no extra harm, but heals its wielder when it wounds a living foe.
   It affects your strength (+4).
   It lets you fly.
   It may make noises in combat.
 F - a +2 antimagic scimitar
Armour
 e - a +2 helmet (worn)
 p - a +3 chain mail of cold resistance (worn)
 t - a scarf of cloud immunity
 v - the +1 chain mail of the First Snow {*Corrode Regen+ Str+9 Stlth-}
   (You found it on level 9 of the Dungeon)

   It affects your strength (+9).
   It increases your rate of regeneration.
   It may corrode you when you take damage.
   It makes you less stealthy.
 C - a +1 cloak of magic resistance (worn)
Jewellery
 h - a +4 amulet of reflection (around neck)
Wands
 j - a wand of digging (11)
 y - a wand of enslavement (19)
 B - a wand of acid (6)
Scrolls
 f - a scroll of magic mapping {unknown}
 g - 3 scrolls of remove curse
 l - a scroll of fear {unknown}
 m - 4 scrolls of identify
 n - 2 scrolls of amnesia {unknown}
 o - 3 scrolls of blinking {unknown}
 q - a scroll of noise {unknown}
 r - 6 scrolls of teleportation {unknown}
 x - a scroll of vulnerability {unknown}
Potions
 b - 3 potions of lignification
 d - 7 potions of curing
 k - 3 potions of magic
 s - a potion of cancellation
 u - 2 potions of flight
 w - a potion of heal wounds {unknown}
 z - 2 potions of mutation {unknown}
 A - a potion of berserk rage {unknown}
Books
 D - a book of Changes

   Spells                             Type                      Level
   a - Beastly Appendage              Transmutation                1
   b - Sticks to Snakes               Transmutation                2
   c - Spider Form                    Transmutation/Poison         3
   d - Ice Form                       Ice/Transmutation            4
   e - Blade Hands                    Transmutation                5
   Trog disapproves of the use of such an item.
Comestibles
 c - 13 rations
 E - 7 chunks of flesh


   Skills:
 * Level 8.0 Fighting
 + Level 5.5 Long Blades
 + Level 7.7 Polearms
 * Level 7.6 Armour
 * Level 6.3 Dodging
 * Level 6.6 Stealth


You had 10 spell levels left.
You didn't know any spells.

Dungeon Overview and Level Annotations

Branches:
Dungeon (10/15)            Temple (0/1) D:4             Orc (0/2) D:9
   Lair: D:8-11

Altars:
Gozag
Okawaru

Annotations:
D:10 Gastronok


Innate Abilities, Weirdness & Mutations

You have claws for hands.
You have a moderately thin skeletal structure. (Dex +4, Stealth+)
You are slightly more attuned to the shadows.
You are mostly covered in sharp spines.


Message History

An adder comes into view.
Attack whom?
Press: ? - help, Dir - move target cursor, f/p - Gastronok
Aim: Gastronok, wearing an embroidered hat (lightly wounded, covering ground quickly)
You reach to attack!
You puncture Gastronok!
You feel better.
Gastronok is moderately wounded.
A centaur comes into view.
Attack whom?
Press: ? - help, Dir - move target cursor, f/p - Gastronok
Aim: Gastronok, wearing an embroidered hat (moderately wounded, covering ground quickly)
You reach to attack!
You puncture Gastronok!
You feel better.
Gastronok is moderately wounded.
You lose consciousness!
Gastronok waves his eye-stalks in wide circles.
The air twists around and strikes you!
* * * LOW HITPOINT WARNING * * *
The adder is struck by your spines. The adder bites you.
* * * LOW HITPOINT WARNING * * *
Gastronok bites you!
You die...

..................####
######...............#
#...............#
#....####.......#
#....#. #.......#
#....#..##'######}
######............
......)........
........@Sc....
.........w.....
...............
......###...... ......
#####. ..... ..


You could see Gastronok, a centaur and an adder.

Vanquished Creatures
  A two-headed ogre (D:8)
  The ghost of bmj180 the Geomancer, a novice GrEE of Vehumet (D:8)
  Pikel (D:8)
  Joseph (D:9)
  Maurice (D:8)
  A hippogriff (D:10)
  Sigmund (D:5)
  Eustachio (D:5)
  A wyvern (D:9)
  4 hogs (D:7)
  4 yaks (D:9)
  A human (D:7)
  Grum (D:9)
  A hungry ghost (D:10)
  2 water moccasins
  Duvessa (D:5)
  3 ice beasts
  An orc warrior (D:6)
  3 sky beasts
  A slave (D:8)
  3 black bears
  3 phantoms
  A necrophage (D:10)
  6 ogres
  3 wolves (D:9)
  A crocodile (D:9)
  2 big kobolds
  A wyvern zombie (D:9)
  6 bullfrogs
  2 scorpions
  Dowan (D:5)
  4 howler monkeys
  4 killer bees (D:8)
  6 crimson imps
  A jelly (D:9)
  A lava snake (D:8)
  A quasit (D:9)
  9 hounds
  2 orc priests
  A bullfrog skeleton (D:8)
  4 orc wizards
  Jessica (D:2)
  9 worker ants
  Natasha (thrice) (D:2)
  An iguana (D:9)
  2 hound skeletons
  A worker ant zombie (D:2)
  4 adders
  A shadow imp (D:8)
  An ooze (D:4)
  2 adder skeletons
  4 adder zombies
  4 worms
  2 dart slugs (D:2)
  6 leopard geckos
  23 orcs
  A ball python (D:3)
  A bat skeleton (D:2)
  7 giant cockroaches
  4 goblins
  7 hobgoblins
  10 jackals
  9 quokkas
  A ball python skeleton (D:2)
  7 bats
  7 frilled lizards
  26 kobolds
  3 leopard gecko skeletons
  2 quokka skeletons
  5 rats
247 creatures vanquished.

Vanquished Creatures (others)
  5 plants (D:10)
5 creatures vanquished.

Grand Total: 252 creatures vanquished

Notes
Turn   | Place    | Note
-------+----------+-------------------------------------------
     0 | D:1      | troglodite the Demonspawn Berserker began the quest for the Orb.
     0 | D:1      | Reached XP level 1. HP: 18/18 MP: 1/1
   237 | D:1      | Gained mutation: You have a somewhat thin skeletal structure. (Dex +2, Stealth) [demonic ancestry]
   237 | D:1      | Reached XP level 2. HP: 24/24 MP: 2/2
   616 | D:1      | Reached ** piety under Trog
   691 | D:2      | Noticed Jessica
   695 | D:2      | Killed Jessica
   695 | D:2      | Gained mutation: You are slightly more attuned to the shadows. [demonic ancestry]
   695 | D:2      | Reached XP level 3. HP: 29/29 MP: 3/3
   784 | D:2      | Reached skill level 1 in Stealth
   870 | D:2      | Gained mutation: You have sharp fingernails. [demonic ancestry]
   870 | D:2      | Reached XP level 4. HP: 37/37 MP: 4/4
  1102 | D:2      | Noticed Natasha
  1108 | D:2      | Killed Natasha
  1377 | D:2      | Reached *** piety under Trog
  1596 | D:2      | Noticed Natasha
  1609 | D:2      | Killed Natasha
  1609 | D:2      | Reached skill level 4 in Fighting
  1609 | D:2      | Gained mutation: You have a moderately thin skeletal structure. (Dex +4, Stealth+) [demonic ancestry]
  1609 | D:2      | Reached XP level 5. HP: 36/42 MP: 5/5
  1711 | D:2      | Noticed Natasha
  1724 | D:2      | Killed Natasha
  2295 | D:3      | Gained mutation: You are partially covered in sharp spines. [demonic ancestry]
  2295 | D:3      | Reached XP level 6. HP: 40/48 MP: 6/6
  2604 | D:4      | Found a staircase to the Ecumenical Temple.
  2652 | D:4      | Noticed an ice beast
  2666 | D:4      | Killed an ice beast
  2883 | D:4      | Gained mutation: You have very sharp fingernails. [demonic ancestry]
  2883 | D:4      | Reached XP level 7. HP: 55/55 MP: 7/7
  2915 | D:4      | Reached **** piety under Trog
  3638 | D:4      | Reached skill level 5 in Long Blades
  3822 | D:5      | Entered Level 5 of the Dungeon
  3824 | D:5      | Got a translucent trident
  3827 | D:5      | Identified the +9 trident of Uhudwe {vamp, *Noise +Fly Str+4} (You found it on level 5 of the Dungeon)
  3887 | D:5      | Noticed Duvessa
  3887 | D:5      | Noticed Dowan
  3893 | D:5      | Killed Dowan
  3906 | D:5      | Killed Duvessa
  4186 | D:5      | Reached skill level 5 in Fighting
  4189 | D:5      | Gained mutation: You are mostly covered in sharp spines. [demonic ancestry]
  4189 | D:5      | Reached XP level 8. HP: 61/62 MP: 8/8
  4211 | D:5      | Noticed Eustachio
  4222 | D:5      | Killed Eustachio
  4222 | D:5      | Reached skill level 1 in Polearms
  4288 | D:5      | Found an iron altar of Okawaru.
  4717 | D:5      | Noticed Sigmund
  4728 | D:5      | Killed Sigmund
  4728 | D:5      | Reached skill level 5 in Armour
  4730 | D:5      | Got a creamy pearl robe
  4822 | D:5      | Identified the +1 robe "Moestoet" {Dex+5} (You took it off Sigmund on level 5 of the Dungeon)
  5370 | D:6      | Reached XP level 9. HP: 68/68 MP: 9/9
  5908 | D:7      | Reached skill level 6 in Fighting
  6060 | D:7      | Reached ***** piety under Trog
  6091 | D:7      | Reached skill level 5 in Stealth
  6245 | D:7      | Reached skill level 5 in Dodging
  6246 | D:7      | Reached skill level 5 in Polearms
  6288 | D:7      | Reached XP level 10. HP: 77/77 MP: 10/10
  6493 | D:8      | Noticed Maurice
  6510 | D:8      | Killed Maurice
  6555 | D:8      | Received a gift from Trog
  6801 | D:8      | Noticed a two-headed ogre
  6807 | D:8      | Killed a two-headed ogre
  6807 | D:8      | Reached skill level 7 in Fighting
  7079 | D:8      | Noticed bmj180's ghost (novice GrEE)
  7094 | D:8      | Killed bmj180's ghost
  7125 | D:8      | Found an opulent altar of Gozag.
  7201 | D:8      | Noticed Pikel
  7214 | D:8      | Killed Pikel
  7465 | D:9      | Noticed Grum
  7479 | D:9      | Killed Grum
  7637 | D:9      | Gained mutation: You have claws for hands. [demonic ancestry]
  7637 | D:9      | Reached XP level 11. HP: 81/86 MP: 11/11
  7730 | D:9      | Noticed Joseph
  7754 | D:9      | Killed Joseph
  8039 | D:9      | Got a bronze chain mail
  8050 | D:9      | Identified the cursed +1 chain mail of the First Snow {*Corrode Regen+ Str+9 Stlth-} (You found it on level 9 of the Dungeon)
  8250 | D:9      | Found a staircase to the Orcish Mines.
  8274 | D:10     | Entered Level 10 of the Dungeon
  8295 | D:10     | Reached skill level 8 in Fighting
  8453 | D:10     | Received a gift from Trog
  8476 | D:10     | Noticed Gastronok
  8490 | D:10     | Paralysed by fainting for 11 turns
  8491 | D:10     | HP: 5/129 [Gastronok/the air (34)]
  8493 | D:10     | Mangled by Gastronok

Skill      XL: |  1  2  3  4  5  6  7  8  9 10 11 |
---------------+----------------------------------+-----
Long Blades    | 3 4 5 |  5.5
Armour         | 2 3 5 6 7 |  7.6
Dodging        | 2 3 4 5 6 |  6.3
Stealth        | 1 2 3 4 5 6 |  6.6
Fighting       | 4 5 6 7 8 |  8.0
Polearms       | 2 5 7 |  7.7

Action                   |  1- 3 |  4- 6 |  7- 9 | 10-12 || total
-------------------------+-------+-------+-------+-------++-------
Melee: Falchion          |    97 |   230 |    15 |       ||   342
       Trident           |       |       |   206 |   207 ||   413
Invok: Berserk           |     1 |     3 |     4 |     7 ||    15
  Use: Scroll            |       |       |     7 |     2 ||     9
 Stab: Sleeping          |     1 |     8 |     4 |     3 ||    16
       Distracted        |       |       |     1 |     5 ||     6
  Eat: Chunk             |       |    11 |     9 |     9 ||    29
       Ration            |       |       |     3 |     1 ||     4
Armor: Animal skin       |     5 |       |       |       ||     5
       Ring mail         |    28 |    89 |     2 |       ||   119
       Plate armour      |       |       |     9 |       ||     9
       Chain mail        |       |       |    61 |    70 ||   131
Dodge: Dodged            |    55 |   140 |    72 |    94 ||   361
Block: Other             |    16 |    55 |    24 |    26 ||   121
       Reflection        |     1 |       |       |     2 ||     3
       Rpst.: Falchion   |    20 |    53 |     2 |       ||    75
